 Dungeon Crawl Stone Soup version 0.30.1-9-gdf580d7c3d (webtiles) character file.

Game seed: 4754666211853426713

130 lonewolfV2 the Trooper (level 4, 0/38 HPs)
             Began as a Demonspawn Fighter on Oct 23, 2023.
             Killed by divine providence
             ... invoked by an orc priest
              (12 damage)
             ... on level 3 of the Dungeon.
             The game lasted 00:03:18 (2124 turns).

lonewolfV2 the Trooper (Demonspawn Fighter)         Turns: 2124, Time: 00:03:18

Health: 0/38       AC:  8    Str: 18    XL:     4   Next: 90%
Magic:  4/4        EV:  9    Int: 10    God:
Gold:   70         SH:  8    Dex: 12    Spells: 3/3 levels left

rFire   . . .        a - +0 war axe
rCold   . . .        c - +0 buckler
rNeg    . . .        b - +0 scale mail
rPois   .            (no helmet)
rElec   .            e - +1 cloak
rCorr   .            (no gloves)
SInv    .            (no boots)
Will    .....        (no amulet) Stlth
                     (no ring)
HPRegen 0.26/turn    (no ring)
MPRegen 0.09/turn

%: no passive effects
@: no status effects
A: large bone plates 1
a: no special abilities


You were on level 3 of the Dungeon.
You visited 1 branch of the dungeon, and saw 3 of its levels.

You collected 70 gold pieces.

Inventory:

Hand Weapons
 a - a +0 war axe (weapon)
Armour
 b - a +0 scale mail (worn)
 c - a +0 buckler (worn)
 e - a +1 cloak (worn)
Scrolls
 f - a scroll of blinking {unknown}
 i - 2 scrolls of enchant armour
Potions
 d - 4 potions of might
 h - 2 potions of resistance
 l - a potion of brilliance
 m - a potion of curing {unknown}


   Skills:
 + Level 4.5 Fighting
 + Level 3.5 Axes
 - Level 2.6 Armour
 - Level 2.6 Shields


You had 3 spell levels left.
You didn't know any spells.
Your spell library contained the following spells:

 Spells                   Type           Power      Damage    Failure   Level
 Poisonous Vapours        Pois/Air       0%         N/A       93%         2
 Mephitic Cloud           Conj/Pois/Air  0%         N/A       99%         3
 Freezing Cloud           Conj/Ice/Air   0%         6-21      100%        5


Dungeon Overview and Level Annotations

Branches:
Dungeon (3/15)

Altars:


Innate Abilities, Weirdness & Mutations

You are partially covered in large bone plates. (SH +4)


Message History

a +0 mace; 3 stones Unknown command.
You block the bat's attack. The ball python barely misses you.
The ball python grabs you. The ball python constricts you.
You block the ball python's attack. The ball python constricts you.
You barely miss the ball python. You hit the bat but do no damage.
The bat barely misses you. You block the ball python's attack.
The ball python constricts you.
You closely miss the ball python. The bat hits you but does no damage.
The ball python bites you but does no damage.
The ball python constricts you. The ball python barely misses you.
The ball python constricts you.
Unknown command.
You hit the ball python.
The ball python is severely wounded.
You hit the bat but do no damage. You block the bat's attack.
The bat barely misses you. You block the ball python's attack.
The ball python constricts you. The bat hits you but does no damage.
The ball python bites you but does no damage.
The ball python constricts you.
You closely miss the ball python.
The ball python is severely wounded.
You barely miss the bat. The bat barely misses you. You block the bat's attack.
The ball python barely misses you. The ball python constricts you.
You slash the ball python!
You kill the ball python!
You closely miss the bat. The bat barely misses you.
The bat hits you but does no damage.
Unknown command.
The orc priest shouts!
The bat closely misses you. The bat hits you but does no damage.
The orc priest shouts!
You block the bat's attack.
The orc priest mumbles some strange prayers to Beogh against you.
Beogh smites you! You block the bat's attack.
The orc priest calls down the wrath of Beogh upon you.
Beogh smites you!
You die...

.......# #..#.....#
.......### #........# oo
######...####.##.....#.o.
#..#.......#.....#...
#..####.##.........o.
#..# #...............
#..# #...........# #..#
#...))..b...#...
............@......#
.......##...!........
......##.........).##
...... ######........
.....# ##....... ....#
#...##. ..## ###


You could see an orc priest, an orc and a bat.

Vanquished Creatures
  An orc priest (D:3)
  3 adders
  6 dart slugs
  An orc (D:3)
  3 ball pythons
  4 bats
  8 endoplasms
  7 goblins
  5 hobgoblins
  9 kobolds
  6 quokkas
  2 frilled lizards
  4 rats
59 creatures vanquished.

Notes
Turn   | Place    | Note
-------+----------+-------------------------------------------
     0 | D:1      | lonewolfV2 the Demonspawn Fighter began the quest for the
                  | Orb.
     0 | D:1      | Reached XP level 1. HP: 18/18 MP: 1/1
   169 | D:1      | Gained mutation: You are partially covered in large bone
                  | plates. (SH +4) [demonic ancestry]
   169 | D:1      | Reached XP level 2. HP: 24/24 MP: 2/2
   743 | D:1      | Reached XP level 3. HP: 29/29 MP: 3/3
  1222 | D:2      | Found a faded altar of an unknown god.
  1585 | D:2      | Reached skill level 4 in Fighting
  1922 | D:3      | Reached XP level 4. HP: 25/37 MP: 4/4
  2124 | D:3      | Killed from afar by an orc priest

Illustrated notes

Levels and vault maps discovered:
D:1:      wander_arrival_lonely_grave, layout_loops_corners
D:2:      layout_loops_corners, ebering_ecumenical_altar_hall
D:3:      cheibrodos_pilgrimage, layout_rooms, gammafunk_ghost_cemetery,
          kennysheep_generic_room_9

Skill      XL: |  1  2  3 |
---------------+----------+-----
Axes           | 2 3 |  3.5
Fighting       | 4 |  4.5
Armour         | |  2.6
Shields        | |  2.6

Action                     |  1- 3 |  4- 6 || total
---------------------------+-------+-------++-------
  Melee: War axe           |   121 |    40 ||   161
    Use: Scroll            |     8 |       ||     8
 Armour: Scale mail        |    46 |    24 ||    70
  Dodge: Dodged            |    58 |    26 ||    84
  Block: Buckler           |    60 |    40 ||   100
